 Dungeon Crawl Stone Soup version 0.31.0-32-g396128a36d (webtiles) character file.

Game seed: 1392140378201838588

12184 AdnanSaban the Basher (level 11, -5/68 HPs)
             Began as a Gargoyle Fighter on Apr 19, 2024.
             Was a High Priest of Okawaru.
             Slain by a yak (8 damage)
             ... on level 11 of the Dungeon.
             The game lasted 00:19:43 (13178 turns).

AdnanSaban the Basher (Gargoyle Fighter)           Turns: 13178, Time: 00:19:44

Health: -5/68      AC: 38    Str: 24    XL:     11   Next: 89%
Magic:  12/14      EV:  9    Int:  9    God:    Okawaru [*****.]
Gold:   829        SH: 14    Dex:  9    Spells: 10/10 levels left

rFire   . . .        x - +2 flail (protect)
rCold   . . .        c - +2 buckler {AC+3}
rNeg    + . .        b - +0 plate armour
rPois   ∞            r - +0 helmet
rElec   +            P - +0 cloak
rCorr   .            M - +0 pair of gloves
SInv    +            (no boots)
Will    +....        s - amulet of reflection Stlth
                     e - ring of willpower
HPRegen 0.31/turn    m - ring of see invisible
MPRegen 0.14/turn

%: reflection
@: heroic, marked, spiked, under a protective aura
A: sickness immunity, AC +8, negative energy resistance 1, electricity
resistance, torment resistance 1, petrification resistance
a: Renounce Religion, Heroism, Finesse, Duel


You were on level 11 of the Dungeon.
You worshipped Okawaru.
Okawaru was extremely pleased with you.
You visited 2 branches of the dungeon, and saw 12 of its levels.

You collected 829 gold pieces.

Inventory:

Hand Weapons
 x - a +2 flail of protection (weapon)
Missiles
 p - 11 boomerangs
 z - 39 poisoned darts (quivered)
 L - a silver javelin
 O - 2 curare-tipped darts
Armour
 b - a +0 plate armour (worn)
 c - a +2 buckler of protection (worn)
 r - a +0 helmet (worn)
 M - a +0 pair of gloves (worn)
 P - a +0 cloak (worn)
Jewellery
 e - a ring of willpower (left hand)
 m - a ring of see invisible (right hand)
 s - an amulet of reflection (around neck)
 B - a ring of flight
 J - a ring of protection from cold
 K - an amulet of regeneration
 Q - the ring "Vozefo" {Wiz rC+}
   (You found it on level 11 of the Dungeon)

   [ring of wizardry]

   Wiz:       It improves your spell success rate.
   rC+:       It protects you from cold.
Wands
 w - a wand of polymorph (6)
 C - a wand of light (4)
 G - a wand of flame (30)
Scrolls
 h - 2 scrolls of poison {unknown}
 i - 15 scrolls of identify {unknown}
 j - 3 scrolls of revelation {unknown}
 k - 5 scrolls of teleportation {unknown}
 n - 4 scrolls of torment {unknown}
 o - 2 scrolls of immolation {unknown}
 q - 3 scrolls of brand weapon {unknown}
 t - 2 scrolls of enchant weapon {unknown}
 y - a scroll of amnesia {unknown}
 I - 2 scrolls of fear {unknown}
 N - a scroll of vulnerability {unknown}
Potions
 a - a potion of degeneration {unknown}
 d - a potion of might
 f - 2 potions of ambrosia {unknown}
 g - 3 potions of lignification {unknown}
 l - 4 potions of curing {unknown}
 u - a potion of invisibility {unknown}
 v - 2 potions of magic {unknown}
 A - a potion of attraction {unknown}
 D - a potion of resistance {unknown}
 E - 2 potions of heal wounds {unknown}
 F - a potion of haste {unknown}
 H - a potion of enlightenment {unknown}


   Skills:
 + Level 7.9(12.9) Fighting
 + Level 11.3(16.3) Maces & Flails
 + Level 2.9(7.9) Throwing
 + Level 8.1(13.1) Armour
 + Level 4.0(9.0) Dodging
 + Level 2.1(7.1) Stealth
 + Level 10.0(15.0) Shields
 - Level 5.0 Invocations


You had 10 spell levels left.
You didn't know any spells.
Your spell library contained the following spells:

 Spells                   Type           Power      Damage    Failure   Level
 Apportation              Tloc           0%         N/A       99%         1
 Necrotise                Necr           0%         1d4       99%         1
 Sandblast                Erth           0%         2d4       99%         1
 Slow                     Hex            0%         N/A       99%         1
 Sting                    Conj/Alch      0%         1d3       99%         1
 Ensorcelled Hibernation  Hex/Ice        0%         N/A       99%         2
 Confusing Touch          Hex            0%         N/A       100%        3
 Dazzling Flash           Conj/Hex       0%         N/A       100%        3
 Frozen Ramparts          Ice            0%         1d1       100%        3
 Fugue of the Fallen      Necr           0%         N/A       100%        3
 Hailstorm                Conj/Ice       0%         3d5       100%        3
 Mephitic Cloud           Conj/Alch/Air  0%         N/A       100%        3
 Ozocubu's Armour         Ice            0%         N/A       100%        3
 Passwall                 Erth           0%         N/A       100%        3
 Sigil of Binding         Hex            0%         N/A       100%        3
 Stone Arrow              Conj/Erth      0%         3d7       100%        3
 Swiftness                Air            0%         N/A       100%        3
 Vampiric Draining        Necr           0%         2d6       100%        3
 Brom's Barrelling Bould  Conj/Erth      0%         2d3       100%        4
 Ignite Poison            Fire/Alch      0%         N/A       100%        4
 Leda's Liquefaction      Alch/Erth      0%         N/A       100%        4
 Manifold Assault         Tloc           0%         N/A       100%        4
 Passage of Golubria      Tloc           0%         N/A       100%        4
 Petrify                  Alch/Erth      0%         N/A       100%        4
 Curse of Agony           Necr           0%         N/A       100%        5
 Fireball                 Conj/Fire      0%         3d3       100%        5
 Freezing Cloud           Conj/Ice/Air   0%         6-21      100%        5
 Iskenderun's Battlesphe  Conj           0%         2d6       100%        5
 Metabolic Englaciation   Hex/Ice        0%         N/A       100%        5
 Silence                  Hex/Air        0%         N/A       100%        5
 Yara's Violent Unravell  Hex/Alch       0%         3d3       100%        5
 Conjure Ball Lightning   Conj/Air       0%         3x3d6     100%        6
 Orb of Destruction       Conj           0%         9d5       100%        7
 Discord                  Hex            0%         N/A       100%        8
 Disjunction              Tloc           0%         N/A       100%        8
 Summon Small Mammal      Summ           Unusable   N/A       N/A         1
 Cigotuvi's Dreadful Rot  Necr/Alch/Air  Unusable   N/A       N/A         2
 Summon Ice Beast         Ice/Summ       Unusable   N/A       N/A         3
 Tukima's Dance           Hex            Unusable   N/A       N/A         3
 Sculpt Simulacrum        Ice/Alch       Unusable   N/A       N/A         6

Dungeon Overview and Level Annotations

Branches:
Dungeon (11/15)            Temple (1/1) D:4            Lair (0/5) D:8
    Orc (0/2) D:10

Altars:
Ashenzari
Cheibriados
Dithmenos
Elyvilon
Fedhas
Gozag
Hepliaklqana
Kikubaaqudgha
Makhleb
Nemelex Xobeh
Okawaru
Qazlal
Ru
Sif Muna
Trog
Uskayaw
Vehumet
Wu Jian
Xom
Yredelemnul
Zin
The Shining One

Shops:
D:10 **?*

Annotations:
D:10 3 runed translucent doors, TangoThomas's ghost, journeyman DsAl


Innate Abilities, Weirdness & Mutations

You are immune to sickness and miasma.
Your stone body is resilient. (AC +8)
You are immune to poison.
You resist negative energy. (rN+)
You are resistant to electric shocks. (rElec)
You are resistant to unholy torment.
You are immune to petrification.


Message History

The kobold demonologist looks braver for a moment.
You bludgeon the kobold demonologist!!
Your weapon exudes an aura of protection.
The kobold demonologist is heavily wounded.
The sun demon hits you!
You are engulfed in flames!
* * * LOW HITPOINT WARNING * * *
The yak gores you but does no damage. You block the red devil's attack.
The kobold demonologist mumbles some strange words.
You closely miss the kobold demonologist.
The kobold demonologist is heavily wounded.
The sun demon hits you but does no damage.
You block the kobold demonologist's attack.
The red devil hits you from afar with a +1 demon trident of electrocution!
* * * LOW HITPOINT WARNING * * *
Barbed spikes become lodged in your body.
You thump the kobold demonologist!
The kobold demonologist is almost dead.
The red devil hits you with a +0 demon trident.
* * * LOW HITPOINT WARNING * * *
Barbed spikes become lodged in your body.
You block the sun demon's attack.
You barely miss the kobold demonologist.
The kobold demonologist is almost dead.
You block the yak's attack.
You block the kobold demonologist's attack.
The red devil hits you but does no damage.
The sun demon hits you but does no damage.
The red devil barely misses you.
You closely miss the kobold demonologist.
The kobold demonologist is almost dead.
You block the yak's attack. The yak gores you.
* * * LOW HITPOINT WARNING * * *
You block the kobold demonologist's attack.
The red devil closely misses you. The sun demon closely misses you.
Unknown command.
You barely miss the kobold demonologist.
The kobold demonologist is almost dead.
The red devil hits you but does no damage.
The yak completely misses you. The yak gores you!
You die...

#.# #..# #.#
#..# #.# #Y.#
#.# #.Y## #.#
#...#
#.####.Y.#
#........#
#........######
#........YY@K<#
######....4Y3l#
#......4..#
#.#######.#
######.# ...
#......# ####
#......#
######.# #.#


You could see a sun demon (summoned), a kobold demonologist, 3 yaks, a basilisk
and 2 red devils.

Vanquished Creatures
  Maurice (D:8)
  An unseen horror (D:10)
  A komodo dragon (D:7)
  Psyche (D:9)
  A troll (D:8)
  Prince Ribbit (D:6)
  A slime creature (D:9)
  Sigmund (D:3)
  A wraith (D:6)
  A vampire (D:10)
  A basilisk (D:8)
  21 yaks
  3 steam dragons
  Edmund (D:5)
  An acid dragon (D:9)
  A water moccasin (D:7)
  4 orc warriors
  An ice beast (D:5)
  3 sky beasts
  3 black bears (D:6)
  7 ogres
  3 phantoms
  3 centaurs
  2 kobold brigands
  2 bullfrogs
  4 gnoll sergeants (D:8)
  3 scorpions
  14 wights
  5 killer bees (D:10)
  11 howler monkeys
  6 hounds
  2 bombardier beetles
  A jelly (D:4)
  5 gnoll boudas
  14 orc priests
  2 sleepcaps (D:4)
  5 iguanas
  19 orc wizards
  Robin (D:2)
  38 gnolls
  6 adders
  2 shadow imps
  2 ufetubi (D:6)
  7 dart slugs
  2 ribbon worms
  29 orcs
  6 ball pythons
  2 endoplasms
  2 giant cockroaches
  12 hobgoblins
  4 quokkas
  5 bats
  2 frilled lizards
  14 goblins
  57 kobolds
  4 rats
352 creatures vanquished.

Vanquished Creatures (others)
  An orc (D:4)
1 creature vanquished.

Grand Total: 353 creatures vanquished

Notes
Turn   | Place    | Note
-------+----------+-------------------------------------------
     0 | D:1      | AdnanSaban the Gargoyle Fighter began the quest for the
                  | Orb.
     0 | D:1      | Reached XP level 1. HP: 14/14 MP: 1/1
   221 | D:1      | Reached XP level 2. HP: 11/19 MP: 2/2
   836 | D:2      | Reached XP level 3. HP: 24/24 MP: 3/3
  1442 | D:2      | Reached XP level 4. HP: 29/29 MP: 4/4
  1871 | D:3      | Noticed Robin
  1961 | D:2      | Reached skill level 3 in Maces & Flails
  1992 | D:2      | Killed Robin
  2175 | D:3      | Reached XP level 5. HP: 30/34 MP: 5/5
  2305 | D:3      | Noticed Sigmund
  2541 | D:3      | Reached XP level 6. HP: 24/39 MP: 6/6
  2554 | D:3      | Reached skill level 4 in Maces & Flails
  2673 | D:3      | Reached skill level 1 in Dodging
  2854 | D:3      | Killed Sigmund
  2855 | D:3      | Reached XP level 7. HP: 30/44 MP: 7/7
  3297 | D:2      | Reached skill level 5 in Fighting
  3445 | D:4      | Reached skill level 5 in Armour
  3529 | D:4      | Found a staircase to the Ecumenical Temple.
  3581 | Temple   | Entered the Ecumenical Temple
  3725 | Temple   | Became a worshipper of Warmaster Okawaru
  3792 | D:4      | Reached skill level 1 in Throwing
  4121 | D:4      | Found a hazy altar of Hepliaklqana.
  4175 | D:4      | Reached skill level 5 in Maces & Flails
  4779 | D:5      | Entered Level 5 of the Dungeon
  4854 | D:4      | Reached XP level 8. HP: 25/50 MP: 8/8
  5053 | D:5      | Noticed Edmund
  5173 | D:5      | Found a radiant altar of Vehumet.
  5174 | D:5      | Found a shadowy altar of Dithmenos.
  5340 | D:5      | Killed Edmund
  5341 | D:5      | Reached skill level 5 in Shields
  5429 | D:5      | Reached * piety under Okawaru
  5464 | D:5      | Reached skill level 6 in Maces & Flails
  5611 | D:5      | Found an ornate altar of the Wu Jian Council.
  5859 | D:5      | Reached skill level 1 in Stealth
  6403 | D:6      | Noticed Prince Ribbit
  6415 | D:5      | Reached XP level 9. HP: 51/55 MP: 9/9
  6421 | D:5      | Reached ** piety under Okawaru
  6486 | D:6      | Reached skill level 7 in Maces & Flails
  6530 | D:6      | Reached skill level 1 in Invocations
  6748 | D:6      | Killed Prince Ribbit
  6814 | D:6      | Identified the +8 long sword "Ekhekh" {flame, rPois Int+2}
  7034 | D:6      | Reached *** piety under Okawaru
  7063 | D:6      | You fall into a shaft and drop 1 floor!
  7240 | D:6      | Found a broken altar of Ashenzari.
  7245 | D:6      | Found a basalt altar of Yredelemnul.
  7702 | D:7      | Reached skill level 8 in Maces & Flails
  7733 | D:7      | Reached XP level 10. HP: 19/61 MP: 12/12
  8107 | D:7      | Found a hide-covered altar of Uskayaw.
  8727 | D:7      | Reached **** piety under Okawaru
  8802 | D:8      | Found a staircase to the Lair.
  9040 | D:8      | Noticed Maurice
  9409 | D:8      | Killed Maurice
  9410 | D:8      | Reached skill level 9 in Maces & Flails
  9657 | D:8      | Reached skill level 5 in Invocations
  9802 | D:8      | Reached ***** piety under Okawaru
 10359 | D:8      | Reached XP level 11. HP: 67/67 MP: 14/14
 10648 | D:9      | Noticed Psyche
 10664 | D:9      | Reached skill level 10 in Maces & Flails
 10738 | D:9      | Killed Psyche
 11843 | D:10     | Entered Level 10 of the Dungeon
 11843 | D:10     | Found a staircase to the Orcish Mines.
 11903 | D:10     | Received a gift from Okawaru
 12054 | D:10     | Found Riluzy's Magic Scroll Emporium.
 12159 | D:10     | Reached skill level 11 in Maces & Flails
 12261 | D:10     | Found Hawn's General Store.
 12320 | D:10     | Found Keob's General Store.
 12459 | D:10     | Found a runed translucent gate.
 12459 | D:10     | Found a runed translucent gate.
 12459 | D:10     | Found a runed translucent gate.
 12460 | D:10     | Found an opulent altar of Gozag.
 12461 | D:10     | Noticed a centaur warrior
 12461 | D:10     | Noticed TangoThomas's ghost (journeyman DsAl)
 12617 | D:10     | Received a gift from Okawaru
 12618 | D:10     | Reached skill level 10 in Shields
 12644 | D:10     | Found Puesilez's General Store.
 12682 | D:10     | Found a snail-covered altar of Cheibriados.
 13119 | D:11     | Identified the ring "Vozefo" {Wiz rC+}
 13167 | D:11     | Noticed a sun demon
 13177 | D:11     | HP: 3/68 [yak (2)]
 13178 | D:11     | Slain by a yak

Illustrated notes

Levels and vault maps discovered:
D:1:      saegor_arrival_simple_d, layout_basic
D:2:      layout_basic, minmay_misc_feat_more_columns
D:3:      layout_loops_ring, nrook_campfire, minmay_misc_feat_rows,
          minmay_misc_feat_five, nrook_uturn, uniq_robin, uniq_sigmund
D:4:      cheibrodos_quashed, layout_loops_corners,
          mainiacjoe_overflow_alcove_4, minmay_temple_entry_grid, minmay_vboxes
D:5:      minmay_goblin_kobold_castle, layout_cave_pools, old_standard_altar,
          grunt_temple_overflow_open, uniq_edmund
D:6:      kennysheep_kobold_camp, layout_gridville,
          amethyst_overflow_temple_binary, uniq_prince_ribbit1
D:7:      layout_basic, mainiacjoe_overflow_six_doors_small, dk_vineyard_3
D:8:      lemuel_castle_with_subvaults [lemuel_castle_interior_carwin_1],
          layout_rooms, david_lair_shrubbed, ebering_dispersal_statue_hall,
          hangedman_decor_growths, uniq_maurice
D:9:      layout_loops_ring, small_statue_intersection,
          small_chamber_with_monster, uniq_psyche
D:10:     layout_roguey, kennysheep_slug_shrine, orc_0_dummy,
          ebering_ghost_gozag, serial_shops, nicolae_shop_behind_doors, shop,
          nicolae_shop_tiny_waterfront, shop
D:11:     layout_small_grid, okawaru_trees_2, uniq_grum
Temple:   nicolae_temple_superstar

Skill      XL: |  1  2  3  4  5  6  7  8  9 10 11 |
---------------+----------------------------------+-----
Armour         | 4 5 6 7 8 |  8.1
Maces & Flails | 3 4 5 6 8 9 11 | 11.3
Fighting       | 4 5 6 7 |  7.9
Dodging        | 1 2 3 4 |  4.0
Shields        | 4 5 7 8 10 | 10.0
Throwing       | 1 2 |  2.9
Stealth        | 1 2 |  2.1
Invocations    | 3 5 |  5.0

Action                     |  1- 3 |  4- 6 |  7- 9 | 10-12 || total
---------------------------+-------+-------+-------+-------++-------
  Melee: Flail             |    96 |   170 |   652 |   834 ||  1752
  Throw: Boomerang         |       |     5 |       |     6 ||    11
         Dart              |       |       |     8 |    34 ||    42
 Invoke: Heroism           |       |       |       |     2 ||     2
 Armour: Scale mail        |    74 |   165 |    67 |       ||   306
         Chain mail        |       |       |   434 |   375 ||   809
         Plate armour      |       |       |       |    15 ||    15
  Dodge: Dodged            |    43 |    90 |   256 |   154 ||   543
  Block: Buckler           |    21 |    53 |   454 |   442 ||   970
         Reflection        |       |       |    23 |     7 ||    30
